TOP OF THE 1ST |
Hagerstown Suns batting - Pitching for Wisconsin Timber Rattlers : RHP Zack Sharp
|
Pitching: RHP Zack Sharp
|
|
Batting: RHB Bobby Bricker
|
0-0: Called Strike 0-1: Ball 1-1: Ground out 5-3 (Groundball, 5L, EV 89.4 MPH)
|
Batting: RHB Leo Gutierrez
|
0-0: Called Strike 0-1: Swinging Strike 0-2: Ball 1-2: Foul Ball, location: 2F 1-2: Ball 2-2: Strikes out looking
|
Batting: RHB Jesus Malave
|
0-0: Ball 1-0: Ball 2-0: Fly out, F8 (Flyball, 8LD, EV 105.0 MPH)
|
Top of the 1st over - 0 runs, 0 hits, 0 errors, 0 left on base; Hagerstown 0 - Wisconsin 0 |
BOTTOM OF THE 1ST |
Wisconsin Timber Rattlers batting - Pitching for Hagerstown Suns : LHP Peni Keli'i
|
Pitching: LHP Peni Keli'i
|
|
Batting: LHB Rick Campbell
|
0-0: Ball 1-0: Ball 2-0: Swinging Strike 2-1: Ball 3-1: Swinging Strike 3-2: Base on Balls
|
Batting: LHB Karel Hort
|
0-0: Called Strike Rick Campbell steals 2nd base 0-1: Called Strike 0-2: Ball 1-2: Ball 2-2: Ball 3-2: Base on Balls
|
Batting: SHB Jerry Duffy
|
0-0: Called Strike Rick Campbell steals 3rd base 0-1: Ball 1-1: Fly out, F6 (Flyball, 56D, EV 88.1 MPH)
|
Batting: LHB Jason Raker
|
0-0: Called Strike 0-1: Foul Ball, location: 2F 0-2: Ball 1-2: Foul Ball, location: 2F 1-2: Ball 2-2: Ball 3-2: Base on Balls Karel Hort to second
|
Batting: RHB Alfredo Sena
|
0-0: Called Strike 0-1: Ball 1-1: Fielders Choice at 2nd, 5-4 (Groundball, 56, EV 86.2 MPH) Rick Campbell scores Karel Hort to third
|
Batting: RHB Dusty Bates
|
0-0: Ball 1-0: Fielders Choice at 2nd, 6-4 (Groundball, 6, EV 81.9 MPH)
|
Bottom of the 1st over - 1 run, 0 hits, 0 errors, 2 left on base; Hagerstown 0 - Wisconsin 1 |
TOP OF THE 2ND |
Hagerstown Suns batting - Pitching for Wisconsin Timber Rattlers : RHP Zack Sharp
|
Batting: LHB John Holst
|
0-0: Ball 1-0: TRIPLE (Line Drive, 8RXD, EV 105.0 MPH)
|
Batting: RHB Peter Croston
|
0-0: Ball 1-0: Foul Ball, location: 2F 1-1: Called Strike 1-2: Ground out 4-3 (Groundball, 13, EV 84.4 MPH) John Holst scores
|
Batting: RHB Steve Bauman
|
0-0: Fly out, F8 (Flyball, 8RD, EV 100.0 MPH)
|
Batting: RHB Jim Towle
|
0-0: Foul Ball, location: 2F 0-1: Foul Ball, location: 2F 0-2: Strikes out swinging
|
Top of the 2nd over - 1 run, 1 hit, 0 errors, 0 left on base; Hagerstown 1 - Wisconsin 1 |
BOTTOM OF THE 2ND |
Wisconsin Timber Rattlers batting - Pitching for Hagerstown Suns : LHP Peni Keli'i
|
Batting: SHB Craig Wright
|
0-0: Called Strike 0-1: Ball 1-1: Called Strike 1-2: Strikes out swinging
|
Batting: LHB Umar Matoub
|
0-0: Ball 1-0: Called Strike 1-1: Foul Ball, location: 2F 1-2: Strikes out looking
|
Batting: RHB Dustin Hartman
|
0-0: Called Strike 0-1: Ball 1-1: Ball 2-1: Swinging Strike 2-2: Foul Ball, location: 2F 2-2: Foul Ball, location: 2F 2-2: Ground out 5-3 (Groundball, 56, EV 86.9 MPH)
|
Bottom of the 2nd over - 0 runs, 0 hits, 0 errors, 0 left on base; Hagerstown 1 - Wisconsin 1 |
TOP OF THE 3RD |
Hagerstown Suns batting - Pitching for Wisconsin Timber Rattlers : RHP Zack Sharp
|
Batting: RHB Derek Moran
|
0-0: Called Strike 0-1: Foul Ball, location: 2F 0-2: Ball 1-2: Ground out 5-3 (Groundball, 56, EV 84.4 MPH)
|
Batting: SHB Alex Medina
|
0-0: SINGLE (Groundball, 4MD, EV 101.9 MPH)
|
Batting: RHB Bobby Bricker
|
0-0: Ball 1-0: Ball 2-0: Called Strike 2-1: Fly out, F9 (Flyball, 89M, EV 91.9 MPH)
|
Batting: RHB Leo Gutierrez
|
0-0: Ball 1-0: Ground out 4-3 (Groundball, 4, EV 79.4 MPH)
|
Top of the 3rd over - 0 runs, 1 hit, 0 errors, 1 left on base; Hagerstown 1 - Wisconsin 1 |
BOTTOM OF THE 3RD |
Wisconsin Timber Rattlers batting - Pitching for Hagerstown Suns : LHP Peni Keli'i
|
Batting: LHB Rick Campbell
|
0-0: Ball 1-0: Fly out, F8 (Flyball, 8RD, EV 98.1 MPH)
|
Batting: LHB Karel Hort
|
0-0: Called Strike 0-1: Swinging Strike 0-2: Ball 1-2: Foul Ball, location: 2F 1-2: DOUBLE (Groundball, 5L, EV 103.8 MPH)
|
Batting: SHB Jerry Duffy
|
0-0: Called Strike 0-1: Foul Ball, location: 2F 0-2: Foul Ball, location: 2F 0-2: Ball 1-2: Ball 2-2: Strikes out swinging
|
Batting: LHB Jason Raker
|
0-0: Fly out, F4 (Line Drive, 4D, EV 70.6 MPH)
|
Bottom of the 3rd over - 0 runs, 1 hit, 0 errors, 1 left on base; Hagerstown 1 - Wisconsin 1 |
TOP OF THE 4TH |
Hagerstown Suns batting - Pitching for Wisconsin Timber Rattlers : RHP Zack Sharp
|
Batting: RHB Jesus Malave
|
0-0: Ground out 5-3 (Groundball, 56, EV 105.6 MPH)
|
Batting: LHB John Holst
|
0-0: Ball 1-0: Swinging Strike 1-1: Called Strike 1-2: Ball 2-2: Ground out 4-3 (Groundball, 4, EV 95.0 MPH)
|
Batting: RHB Peter Croston
|
0-0: SOLO HOME RUN (Flyball, 7D, EV 98.8 MPH), Distance : 373 ft
|
Batting: RHB Steve Bauman
|
0-0: Foul Ball, location: 2F 0-1: SINGLE (Line Drive, 4M, EV 94.4 MPH)
|
Batting: RHB Jim Towle
|
0-0: Ball 1-0: Foul Ball, location: 2F 1-1: Swinging Strike 1-2: Foul Ball, location: 2F 1-2: Foul Ball, location: 2F 1-2: Ball 2-2: Fly out, F9 (Flyball, 9, EV 78.8 MPH)
|
Top of the 4th over - 1 run, 2 hits, 0 errors, 1 left on base; Hagerstown 2 - Wisconsin 1 |
BOTTOM OF THE 4TH |
Wisconsin Timber Rattlers batting - Pitching for Hagerstown Suns : LHP Peni Keli'i
|
Batting: RHB Alfredo Sena
|
0-0: Ball 1-0: Ball 2-0: Ball 3-0: Called Strike 3-1: Base on Balls
|
Batting: RHB Dusty Bates
|
0-0: Ball 1-0: Ball 2-0: Called Strike 2-1: SINGLE (Line Drive, 3L, EV 103.1 MPH) Alfredo Sena to second
|
Batting: SHB Craig Wright
|
0-0: Ball 1-0: Ball 2-0: Called Strike 2-1: Ball 3-1: DOUBLE (Line Drive, 7LS, EV 98.1 MPH) Alfredo Sena scores Dusty Bates to third
|
Batting: LHB Umar Matoub
|
0-0: Ball 1-0: Foul Ball, location: 2F 1-1: Foul Ball, location: 2F 1-2: Ball 2-2: Ball 3-2: Base on Balls
|
Batting: RHB Dustin Hartman
|
0-0: Ball 1-0: Foul Ball, location: 2F 1-1: Ball 2-1: Ball 3-1: Called Strike 3-2: Base on Balls Dusty Bates scores Craig Wright to third Umar Matoub to second
|
Batting: LHB Rick Campbell
|
0-0: Called Strike 0-1: Swinging Strike 0-2: Foul Ball, location: 2F 0-2: Ball 1-2: Grounds into fielders choice 3-2 (Groundball, 3, EV 83.8 MPH) Umar Matoub to third Dustin Hartman to second
|
Pitching: RHP Gilberto Ricalde
|
|
Batting: LHB Karel Hort
|
0-0: Grounds into double play, 3-2-3 (Groundball, 34S, EV 66.9 MPH)
|
Bottom of the 4th over - 2 runs, 2 hits, 0 errors, 2 left on base; Hagerstown 2 - Wisconsin 3 |
TOP OF THE 5TH |
Hagerstown Suns batting - Pitching for Wisconsin Timber Rattlers : RHP Zack Sharp
|
Batting: RHB Derek Moran
|
0-0: Ball 1-0: SINGLE (Groundball, 4D, EV 104.4 MPH)
|
Batting: SHB Alex Medina
|
0-0: Ball 1-0: SINGLE (Groundball, 6MD, EV 98.8 MPH) Derek Moran to second Runner from 2nd tries for 3rd, SAFE, no throw by CF
|
Batting: RHB Bobby Bricker
|
0-0: Swinging Strike 0-1: Ball 1-1: Called Strike 1-2: SINGLE (Line Drive, 8RS, EV 113.8 MPH) Derek Moran scores Alex Medina to second
|
Batting: RHB Leo Gutierrez
|
0-0: Called Strike 0-1: Swinging Strike 0-2: SINGLE (Groundball, 34D, EV 96.9 MPH) Alex Medina to third Bobby Bricker to second Runner from 3rd tries for Home, SAFE, throw by RF to home
|
Batting: RHB Jesus Malave
|
0-0: Ball Bobby Bricker steals 3rd base Leo Gutierrez to second 1-0: Ball 2-0: Called Strike 2-1: Ball 3-1: Ground out 5-3 (Groundball, 56S, EV 68.8 MPH)
|
Batting: LHB John Holst
|
0-0: Ball 1-0: Foul Ball, location: 2F 1-1: Ball 2-1: Ball 3-1: Base on Balls
|
Batting: RHB Peter Croston
|
0-0: Ball 1-0: Called Strike 1-1: Ball 2-1: Foul Ball, location: 2F 2-2: Foul Ball, location: 2F 2-2: Foul Ball, location: 2F 2-2: Foul Ball, location: 2F 2-2: Ball 3-2: Foul Ball, location: 2F 3-2: Base on Balls Bobby Bricker scores Leo Gutierrez to third John Holst to second
|
Pitching: RHP Josh Hebert
|
|
Batting: RHB Steve Bauman
|
0-0: Ball 1-0: Ball 2-0: Ball 3-0: Called Strike 3-1: Called Strike 3-2: DOUBLE (Flyball, 78D, EV 99.4 MPH) Leo Gutierrez scores John Holst scores Peter Croston to third
|
Batting: RHB Jim Towle
|
0-0: Foul Ball, location: 2F 0-1: Ball 1-1: Called Strike 1-2: Foul Ball, location: 2F 1-2: Ball 2-2: Strikes out swinging
|
Batting: RHB Derek Moran
|
0-0: Ball 1-0: Ground out 4-3 (Groundball, 4, EV 79.4 MPH)
|
Top of the 5th over - 5 runs, 5 hits, 0 errors, 2 left on base; Hagerstown 7 - Wisconsin 3 |
BOTTOM OF THE 5TH |
Wisconsin Timber Rattlers batting - Pitching for Hagerstown Suns : RHP Gilberto Ricalde
|
Batting: SHB Jerry Duffy
|
0-0: Called Strike 0-1: Ball 1-1: SINGLE (Groundball, 56, EV 106.9 MPH)
|
Batting: LHB Jason Raker
|
0-0: Called Strike 0-1: Called Strike 0-2: Ball 1-2: Fly out, F7 (Flyball, 7D, EV 90.6 MPH)
|
Batting: RHB Alfredo Sena
|
0-0: Called Strike 0-1: Ball 1-1: Foul Ball, location: 2F 1-2: Ball 2-2: Ball Jerry Duffy steals 2nd, throwing error, E2 Jerry Duffy to third 3-2: Base on Balls
|
Batting: RHB Dusty Bates
|
0-0: Ball 1-0: Swinging Strike 1-1: Called Strike 1-2: Ball 2-2: Ball 3-2: Foul Ball, location: 2F 3-2: Base on Balls Alfredo Sena to second
|
Batting: SHB Craig Wright
|
0-0: Ball 1-0: Called Strike 1-1: Ball 2-1: Ball 3-1: Called Strike 3-2: Foul Ball, location: 2F 3-2: Strikes out swinging
|
Batting: LHB Umar Matoub
|
0-0: Called Strike 0-1: Ball 1-1: Ball 2-1: Called Strike 2-2: Foul Ball, location: 2F 2-2: Foul Ball, location: 2F 2-2: Strikes out looking
|
Bottom of the 5th over - 0 runs, 1 hit, 1 error, 3 left on base; Hagerstown 7 - Wisconsin 3 |
TOP OF THE 6TH |
Hagerstown Suns batting - Pitching for Wisconsin Timber Rattlers : RHP Josh Hebert
|
Batting: SHB Alex Medina
|
0-0: Called Strike 0-1: Swinging Strike 0-2: Strikes out swinging
|
Batting: RHB Bobby Bricker
|
0-0: Ball 1-0: Ground out 5-3 (Groundball, 56S, EV 86.2 MPH)
|
Batting: RHB Leo Gutierrez
|
0-0: Ball 1-0: Foul Ball, location: 2F 1-1: Called Strike 1-2: Foul Ball, location: 2F 1-2: Strikes out swinging
|
Top of the 6th over - 0 runs, 0 hits, 0 errors, 0 left on base; Hagerstown 7 - Wisconsin 3 |
BOTTOM OF THE 6TH |
Wisconsin Timber Rattlers batting - Pitching for Hagerstown Suns : RHP Gilberto Ricalde
|
Pitching: RHP Steve Barnes
|
|
Batting: RHB Dustin Hartman
|
0-0: Ball 1-0: Ground out 6-3 (Groundball, 6, EV 100.6 MPH)
|
Batting: LHB Rick Campbell
|
0-0: Ground out 4-3 (Groundball, 4S, EV 85.0 MPH)
|
Batting: LHB Karel Hort
|
0-0: Called Strike 0-1: Called Strike 0-2: Foul Ball, location: 2F 0-2: Ball 1-2: Ball 2-2: Strikes out looking
|
Bottom of the 6th over - 0 runs, 0 hits, 0 errors, 0 left on base; Hagerstown 7 - Wisconsin 3 |
TOP OF THE 7TH |
Hagerstown Suns batting - Pitching for Wisconsin Timber Rattlers : RHP Josh Hebert
|
Batting: RHB Jesus Malave
|
0-0: Called Strike 0-1: Called Strike 0-2: Strikes out swinging
|
Batting: LHB John Holst
|
0-0: Foul Ball, location: 2F 0-1: Foul Ball, location: 2F 0-2: Ball 1-2: Strikes out swinging
|
Batting: RHB Peter Croston
|
0-0: Fly out, F7 (Line Drive, 7LM, EV 107.5 MPH)
|
Top of the 7th over - 0 runs, 0 hits, 0 errors, 0 left on base; Hagerstown 7 - Wisconsin 3 |
BOTTOM OF THE 7TH |
Wisconsin Timber Rattlers batting - Pitching for Hagerstown Suns : RHP Steve Barnes
|
Batting: SHB Jerry Duffy
|
0-0: Ball 1-0: Ball 2-0: Ball 3-0: Called Strike 3-1: Called Strike 3-2: Foul Ball, location: 2F 3-2: Strikes out swinging
|
Batting: LHB Jason Raker
|
0-0: Fly out, F7 (Flyball, 7S, EV 89.4 MPH)
|
Batting: RHB Alfredo Sena
|
0-0: Ball 1-0: Ball 2-0: Called Strike 2-1: Foul Ball, location: 2F 2-2: Fly out, F8 (Flyball, 8RXD, EV 84.4 MPH)
|
Bottom of the 7th over - 0 runs, 0 hits, 0 errors, 0 left on base; Hagerstown 7 - Wisconsin 3 |
TOP OF THE 8TH |
Hagerstown Suns batting - Pitching for Wisconsin Timber Rattlers : RHP Josh Hebert
|
Pitching: RHP Javy Rodriquez
|
|
Batting: RHB Steve Bauman
|
0-0: Foul Ball, location: 2F 0-1: Ball 1-1: Ball 2-1: Ball 3-1: Ground out 6-3 (Groundball, 6, EV 107.5 MPH)
|
Batting: RHB Jim Towle
|
0-0: Called Strike 0-1: Called Strike 0-2: Strikes out swinging
|
Batting: RHB Derek Moran
|
0-0: Ball 1-0: Called Strike 1-1: Ball 2-1: Swinging Strike 2-2: Strikes out swinging
|
Top of the 8th over - 0 runs, 0 hits, 0 errors, 0 left on base; Hagerstown 7 - Wisconsin 3 |
BOTTOM OF THE 8TH |
Wisconsin Timber Rattlers batting - Pitching for Hagerstown Suns : RHP Steve Barnes
|
Pitching: RHP Chris Doty
|
|
Batting: RHB Dusty Bates
|
0-0: Called Strike 0-1: Foul Ball, location: 2F 0-2: Strikes out swinging
|
Batting: SHB Craig Wright
|
0-0: Ball 1-0: Foul Ball, location: 2F 1-1: Ball 2-1: Called Strike 2-2: Ball 3-2: Strikes out swinging
|
Batting: LHB Umar Matoub
|
0-0: Called Strike 0-1: Ground out 6-3 (Groundball, 6M, EV 99.4 MPH)
|
Bottom of the 8th over - 0 runs, 0 hits, 0 errors, 0 left on base; Hagerstown 7 - Wisconsin 3 |
TOP OF THE 9TH |
Hagerstown Suns batting - Pitching for Wisconsin Timber Rattlers : RHP Javy Rodriquez
|
Pitching: RHP Drew Tollefsen
|
|
Batting: SHB Alex Medina
|
0-0: Ball 1-0: Ball 2-0: Called Strike 2-1: Called Strike 2-2: Strikes out swinging
|
Batting: RHB Bobby Bricker
|
0-0: Called Strike 0-1: Called Strike 0-2: Strikes out swinging, 2-3 out at first.
|
Batting: RHB Leo Gutierrez
|
0-0: Called Strike 0-1: Foul Ball, location: 2F 0-2: Strikes out looking
|
Top of the 9th over - 0 runs, 0 hits, 0 errors, 0 left on base; Hagerstown 7 - Wisconsin 3 |
BOTTOM OF THE 9TH |
Wisconsin Timber Rattlers batting - Pitching for Hagerstown Suns : RHP Chris Doty
|
Pitching: RHP Gareth Cutts
|
|
Batting: RHB Dustin Hartman
|
0-0: Called Strike 0-1: Foul Ball, location: 2F 0-2: Ball 1-2: Foul Ball, location: 2F 1-2: Strikes out looking
|
Batting: LHB Rick Campbell
|
0-0: Called Strike 0-1: Foul Ball, location: 2F 0-2: Ball 1-2: Foul Ball, location: 2F 1-2: Ball 2-2: Strikes out swinging
|
Batting: LHB Karel Hort
|
0-0: Ball 1-0: Called Strike 1-1: Foul Ball, location: 2F 1-2: SINGLE (Groundball, 4MD, EV 96.2 MPH)
|
Batting: SHB Jerry Duffy
|
0-0: Ball 1-0: Called Strike 1-1: Swinging Strike 1-2: Ball 2-2: Strikes out swinging
|
Bottom of the 9th over - 0 runs, 1 hit, 0 errors, 1 left on base; Hagerstown 7 - Wisconsin 3 |
|